 Dungeon Crawl Stone Soup version 0.24.1-14-gf8d2b509d9 (webtiles) character file.

Game seed: 11750965974935754203, levelgen mode: deterministic

84 Peloso the Skirmisher (level 4, 0/35 HPs)
             Began as a Demonspawn Fighter on May 30, 2020.
             Succumbed to an adder's poison
             ... on level 2 of the Dungeon.
             The game lasted 00:03:58 (783 turns).

Peloso the Skirmisher (Demonspawn Fighter)           Turns: 783, Time: 00:03:59

Health: 0/35       AC:  6    Str: 17    XL:     4   Next: 24%
Magic:  4/4        EV:  7    Int: 10    God:
Gold:   53         SH:  9    Dex: 12    Spells: 3/3 levels left

rFire    + . .     SeeInvis .   a - +0 long sword
rCold    . . .     Gourm    .   c - +0 shield
rNeg     . . .     Faith    .   b - +0 scale mail
rPois    .         Spirit   .   (no helmet)
rElec    .         Reflect  .   (no cloak)
rCorr    .         Harm     .   (no gloves)
MR       .....                  (no boots)
Stlth    ..........             (no amulet)
HPRegen  0.11/turn              g - ring of protection from fire
MPRegen  0.09/turn              (no ring)

@: lethally poisoned (0 -> -1)
A: claws 1, powered by pain 2
a: no special abilities


You were on level 2 of the Dungeon.
You were not hungry.

You visited 1 branch of the dungeon, and saw 2 of its levels.

You collected 53 gold pieces.

Inventory:

Hand Weapons
 a - a +0 long sword (weapon)
Armour
 b - a +0 scale mail (worn)
 c - a +0 shield (worn)
Jewellery
 g - a ring of protection from fire (left claw)
Scrolls
 e - a scroll of blinking {unknown}
 h - a scroll of fear {unknown}
 i - a scroll of identify
Potions
 d - a potion of might
Comestibles
 f - 5 rations


   Skills:
 + Level 3.3 Fighting
 + Level 2.9 Long Blades
 + Level 3.2 Armour
 + Level 0.6 Dodging
 + Level 3.0 Shields


You had 3 spell levels left.
You didn't know any spells.
Your spell library was empty.

Dungeon Overview and Level Annotations

Branches:
Dungeon (2/15)

Altars:


Innate Abilities, Weirdness & Mutations

You have sharp fingernails.
You sometimes gain power by taking damage.


Message History

You slash the adder!
You kill the adder!
You block the bat's attack. The bat barely misses you.
Unknown command.
You closely miss the bat. The bat hits you but does no damage.
* * * LOW HITPOINT WARNING * * *
You feel sick. The bat hits you but does no damage.
You see here a quokka corpse.
The bat hits you but does no damage. The bat hits you but does no damage.
The bat hits you but does no damage. The bat barely misses you.
You closely miss the bat.
* * * LOW HITPOINT WARNING * * *
You feel sick. The bat barely misses you.
You riposte.
You barely miss the bat. You block the bat's attack.
You barely miss the bat. The bat hits you but does no damage. x2
You miss the bat. The bat hits you.
* * * LOW HITPOINT WARNING * * *
Okay, then.
You die...

...#.# # ...†.#
...### #.## #.#
#.# #.# #.#
######b##.# #.#
#.@........ #.#
#.####.##.#
#.#############†#
#...............#
#################


You could see a bat.

Vanquished Creatures
  3 adders (D:2)
  2 oozes (D:1)
  A worm (D:2)
  A dart slug (D:1)
  A leopard gecko (D:2)
  3 bats (D:1)
  A giant cockroach (D:1)
  7 goblins
  6 hobgoblins
  3 jackals (D:1)
  5 kobolds (D:1)
  A quokka (D:2)
  A frilled lizard (D:2)
  4 rats (D:1)
39 creatures vanquished.

Notes
Turn   | Place    | Note
-------+----------+-------------------------------------------
     0 | D:1      | Peloso the Demonspawn Fighter began the quest for the Orb.
     0 | D:1      | Reached XP level 1. HP: 18/18 MP: 1/1
    83 | D:1      | Gained mutation: You sometimes gain a little power by
                  | taking damage. [demonic ancestry]
    83 | D:1      | Reached XP level 2. HP: 19/24 MP: 2/2
   213 | D:1      | Gained mutation: You sometimes gain power by taking damage.
                  | [demonic ancestry]
   213 | D:1      | Reached XP level 3. HP: 25/29 MP: 3/3
   726 | D:2      | Gained mutation: You have sharp fingernails. [demonic
                  | ancestry]
   726 | D:2      | Reached XP level 4. HP: 14/35 MP: 4/4
   780 | D:2      | HP: 1/35 [poisoned by an adder]
   783 | D:2      | Succumbed to an adder's poison

Levels and vault maps discovered:
D:1:      erik_arrival_gehennom, layout_rooms
D:2:      layout_loops_ring, chequers_ecumenical_altar_simple_redux, minivault_5

Skill      XL: |  1  2  3 |
---------------+----------+-----
Armour         | 3 |  3.2
Long Blades    | 2 |  2.9
Shields        | 3 |  3.0
Fighting       | |  3.3
Dodging        | |  0.6

Action                   |  1- 3 |  4- 6 || total
-------------------------+-------+-------++-------
Melee: Long sword        |   126 |    24 ||   150
  Use: Scroll            |     2 |       ||     2
       Potion            |     1 |       ||     1
Armor: Scale mail        |    38 |    19 ||    57
Dodge: Dodged            |    30 |     9 ||    39
Block: Shield            |    54 |    10 ||    64
       Rpst.: Long sword |     7 |     3 ||    10
